[Event "*** Titled Tuesday Blitz"]
[Site "Chess.com"]
[Date "2019.12.03"]
[Round "5"]
[White "LastHeroJr"]
[Black "PowerThinking2650"]
[Result "0-1"]
[WhiteElo "2529"]
[BlackElo "2363"]
[TimeControl "180+2"]
[EndTime "14:08:09 PST"]
[Termination "PowerThinking2650 won by resignation"]

1. e4 e5 2. Nf3 Nc6 3. Bc4 Nf6 4. d3 h6 5. O-O d6 6. c3 g6 7. Re1 Bg7 8. Nbd2 O-O 9. Nf1 Nh5 10. Ng3 Nxg3 11.
hxg3 Kh7 12. d4 Qe7 13. Be3 Bg4 14. dxe5 dxe5 15. Be2 Be6 16. b4 Rfd8 17. Qc2 Kh8 18. Bb5 a6 19. Be2 Rd7 20. a4 a5 21. Bc5 Qe8 22.
Bb5 axb4 23. cxb4 Rdd8 24. Qc3 Bd7 25. a5 Nd4 26. Bxd4 exd4 27. Bxd7 dxc3 28. Bxe8 Rxe8 29. e5 Rad8 30. Rac1 g5 31. g4 Rd3 32. Re2 h5 33. Nxg5 Kg8 34. gxh5 Rxe5 35. Rxe5 Bxe5 36. Nf3 Bf6 37.
Kf1 Be7 38. Ke2 Rd5 39. Rxc3 c6 40. Rc4 Rxh5 41. g4 Rb5 42. a6 bxa6 43. Rxc6 Rxb4 44. Ne5 a5 45. Rc8+ Kg7 46. Ra8 Re4+ 47. Kf3 Rxe5 48.
Ra7 Kf8 49. Ra8+ Kg7 50. Ra7 Bg5 51. Kg3 Rb5 52. Ra6 Be7 53. Kf4 Rb4+ 54. Kf5 a4 55.
f4 a3 56. g5 Rb5+ 57. Kg4 Rb4 58. Kf5 Bc5 59. g6 fxg6+ 60. Rxg6+ Kf7 61. Rf6+ Ke7 62. Re6+ Kd7 63. Ra6 Rb6 64. Ra5 Kc6 65. Ke5 Rb5 66.
Ra4 Bb4+ 67. Ke6 Kc5 68. Ra8 Ra5 69. Rc8+ Kd4 70. Rb8 Kc3 71. Rc8+ Kb3 0-1

[Event "*** Titled Tuesday Blitz"]
[Site "Chess.com"]
[Date "2019.12.03"]
[Round "5"]
[White "INLOVEWITHF"]
[Black "Misi_95"]
[Result "1/2-1/2"]
[WhiteElo "2439"]
[BlackElo "2674"]
[TimeControl "180+2"]
[EndTime "14:08:18 PST"]
[Termination "Game drawn by stalemate"]

1. e4 c5 2. Nf3 e6 3. g3 Nc6 4. Bg2 g6 5. O-O Bg7 6. c3 d5 7. exd5 exd5 8. d4 cxd4 9. Nxd4 Nxd4 10. cxd4 Ne7 11. Nc3 O-O 12. Bg5 Be6 13. Qb3 Qd7 14. Bxe7 Qxe7 15. Nxd5 Qd7 16. Qf3 Kh8 17. Rad1 Rfd8 18.
Nf4 Bxa2 19. Qxb7 Qxb7 20. Bxb7 Rab8 21. Bf3 Bxd4 22. Nd3 Bc4 23. Kg2 a5 24. Rfe1 a4 25. Ne5 Bxe5 26. Rxd8+ Rxd8 27. Rxe5 Rd2 28. Ra5 Bb3 29. Bc6 Rxb2 30. Bxa4 Ra2 31. Ra8+ Kg7 32. Bc6 Rc2 33. Bf3 Rc1 34. h4 h5 35. Rd8 Bc4 36. Rd1 Rc3 37. Rd2 Kf6 38. Bd5 Bb5 39. Bf3 Rc1 40.
Rd1 Rc2 41. Rd6+ Ke7 42. Rd4 Bd7 43. Re4+ Kf6 44. Rf4+ Kg7 45. Rd4 Be6 46. Bd5 Bg4 47.
Bf3 Bc8 48. Rd8 Be6 49. Rd4 Kf6 50. Rf4+ Ke5 51. Re4+ Kd6 52. Rd4+ Kc5 53. Rd8 Rb2 54. Rd1 Bc4 55. Rc1 Kd4 56. Re1 Bb3 57. Re4+ Kc5 58.
Re5+ Kb6 59. Re2 Rb1 60. Re3 Bc4 61. Rc3 Bf1+ 62. Kh2 Rb4 63. Bg2 Bc4 64. Bf3 Be6 65. Rc1 Rb2 66. Kg2 Rd2 67. Rd1 Ra2 68. Rb1+ Kc5 69.
Rc1+ Kd6 70. Rd1+ Ke5 71. Re1+ Kf6 72. Re4 Kg7 73. Rf4 Kh6 74. Be4 Ra4 75. Bf3 Rxf4 76. gxf4 Kg7 77. Kg3 Kf6 78. Bd1 Bf5 79. Bf3 Bd3 80.
Bh1 Kf5 81. Bg2 Bc2 82. Bh3+ Ke4 83. Bg2+ Kd3 84. Bd5 f6 85. f5 gxf5 86. Kf4 Bd1 87. Kxf5 Ke2 88. Kxf6 Kxf2 89. Bf7 Ke3 90. Kg5 Ke4 91.
Bxh5 Bxh5 92. Kxh5 Kf5 93. Kh6 Kf6 94. h5 Kf7 95. Kh7 Kf8 96. Kh8 Kf7 97. h6 Kf8 98. h7 Kf7 1/2-1/2

[Event "*** Titled Tuesday Blitz"]
[Site "Chess.com"]
[Date "2019.12.03"]
[Round "5"]
[White "visa"]
[Black "BvsN"]
[Result "1-0"]
[WhiteElo "2263"]
[BlackElo "2368"]
[TimeControl "180+2"]
[EndTime "14:08:27 PST"]
[Termination "visa won by resignation"]

1. e4 c5 2. a3 g6 3. b4 Bg7 4. Nc3 b6 5. bxc5 bxc5 6. Nf3 d6 7. Bb2 Nf6 8. Rb1 O-O 9. g3 Bb7 10. d3 Nbd7 11. Bg2 Rb8 12. O-O Ng4 13. Ne2 Nge5 14.
Nxe5 Nxe5 15. h3 Qa5 16. f4 Nc6 17. Bxg7 Kxg7 18. Rb3 c4 19. Qa1+ Kg8 20. Rc3 cxd3 21. cxd3 Qb6+ 22. Kh2 Ba8 23. Rfc1 Qb2 24. R3c2 Qxa1 25. Rxa1 Rb3 26. Rac1 Na5 27. Rc3 Rfb8 28. Kg1 Rb2 29. R1c2 Rb1+ 30. Rc1 R1b3 31. Kf2 Rxc3 32. Rxc3 Nc6 33. Ke3 Rb2 34. Bf3 e5 35. d4 exd4+ 36.
Nxd4 Nxd4 37. Kxd4 Bb7 38. Ke3 Kg7 39. h4 h5 40. g4 hxg4 41. Bxg4 Rg2 42. Bf3 Rb2 43. h5 gxh5 44. Bxh5 Kf6 45. Rc7 Rb3+ 46. Kd4 Kg7 47.
Rxf7+ Kg8 48. Rd7 Ba6 49. Rxd6 Rxa3 50. Ke5 Kg7 51. Rd7+ Kh6 52. Bg4 Ra5+ 53. Rd5 Ra3 54. Bd7 Kg7 55. f5 Bb7 56. Rc5 Ra4 57. Bc6 Bxc6 58.
Rxc6 Kf7 59. Rc7+ Ke8 60. f6 Ra6 61. Re7+ Kf8 62. Re6 Ra5+ 63. Kf4 Kf7 64. Rc6 Rh5 65. e5 Rh4+ 66. Kg5 Rh1 67. Rc7+ Ke6 68. Re7+ Kd5 69. f7 Rg1+ 70. Kf6 Rf1+ 71. Kg7 Rg1+ 72. Kf8 a5 73.
Ke8 a4 74. f8=Q 1-0

[Event "*** Titled Tuesday Blitz"]
[Site "Chess.com"]
[Date "2019.12.03"]
[Round "5"]
[White "Ambitiousresolutions"]
[Black "AryanTari"]
[Result "1/2-1/2"]
[WhiteElo "2636"]
[BlackElo "2845"]
[TimeControl "180+2"]
[EndTime "14:08:37 PST"]
[Termination "Game drawn - insufficient material"]

1. e4 c6 2. Nc3 d5 3. Nf3 Nf6 4.
e5 Ne4 5. Ne2 Qb6 6. d4 e6 7.
Ng3 c5 8. Bd3 Nc6 9. Nxe4 dxe4 10. Bxe4 cxd4 11. O-O Bd7 12. a3 Rd8 13. Bg5 Rc8 14.
Qe2 h6 15. Bc1 a5 16. h3 Bc5 17. Bd3 Ne7 18. Nd2 Nd5 19. Ne4 Be7 20. Qg4 g5 21.
Qh5 Bb5 22. Qe2 Bxd3 23. cxd3 Qb3 24. Nd2 Qc2 25. Qe4 Nf4 26. Nf3 Qxd3 27. Qxb7 Ne2+ 28.
Kh2 Rd8 29. Qc6+ Kf8 30. Re1 Kg7 31. Bd2 Rc8 32. Qb7 Rhe8 33. Rad1 Rb8 34. Qd7 Qa6 35.
b4 axb4 36. axb4 d3 37. Ra1 Qb5 38. Qxb5 Rxb5 39. Ra3 Rd8 40. Rd1 Rbd5 41. Rb3 h5 42. g4 hxg4 43. hxg4 Nd4 44. Nxd4 Rxd4 45. Kg3 Re4 46. b5 Rxe5 47. b6 Bd6 48. Kg2 Rd5 49.
b7 Bb8 50. Be3 Kg6 51. Bb6 R8d7 52. Be3 Rd8 53. Bd2 Rd4 54. f3 Rh8 55. Rh1 Rxh1 56. Kxh1 Rd7 57. Kg2 Rc7 58. Kf2 Rc2 59. Ke1 Ra2 60.
Rxd3 Rb2 61. Rd7 Be5 62. Kd1 Rb3 63. Kc2 Rxf3 64. Rd8 Rg3 65. Rg8+ Kh7 66. Rxg5 Bb8 67. Rh5+ Kg7 68. Bc3+ f6 69. g5 e5 70. gxf6+ Kxf6 71. Bxe5+ Bxe5 72. Rxe5 Rg8 73. Rh5 Ke6 74. Kb3 Kd6 75.
Rg5 Rb8 76. Rg6+ Kc7 77. Kc4 Rxb7 78. Kc5 Rb1 79. Rg4 Rc1+ 80. Rc4 Rxc4+ 81. Kxc4 1/2-1/2

[Event "*** Titled Tuesday Blitz"]
[Site "Chess.com"]
[Date "2019.12.03"]
[Round "5"]
[White "Chesswizard_2007"]
[Black "Supernotar"]
[Result "0-1"]
[WhiteElo "2429"]
[BlackElo "2637"]
[TimeControl "180+2"]
[EndTime "14:08:48 PST"]
[Termination "Supernotar won by resignation"]

1. d4 d5 2. c4 dxc4 3. Nf3 Nf6 4. e3 e6 5. Bxc4 a6 6. O-O b5 7. Bb3 Bb7 8. Nc3 Nbd7 9. Qe2 c5 10. Rd1 Qc7 11. d5 exd5 12. Nxd5 Nxd5 13. Bxd5 Bxd5 14.
Rxd5 Be7 15. e4 O-O 16. h3 Nb6 17. Rd1 Rfe8 18. e5 Rad8 19. Bf4 Qc6 20. Bg3 h6 21.
Nh2 c4 22. Ng4 Qe6 23. Kh1 Na4 24. Qc2 Nc5 25. f4 Nd3 26. Qe2 Bc5 27. Rf1 Qf5 28. Bh2 h5 29. Ne3 Qe4 30. Rf3 h4 31. Raf1 Rd4 32. Bg1 Rd7 33. Qc2 Re6 34. Ng4 Bxg1 35. Rxg1 Rd4 36. f5 Rxe5 37. Nxe5 Qxe5 38.
Qc3 Qe4 39. b3 b4 40. Qc2 c3 41. f6 g6 42. a3 a5 43. axb4 axb4 44. Qa2 Rd8 45. Qa5 Re8 46. Qg5 Kh7 47. Rgf1 Re5 48. Qg4 Qxg4 49. hxg4 Rd5 50. Rh3 g5 51. Kh2 c2 52.
Re3 c1=Q 53. Rxc1 Nxc1 54. Re4 Nxb3 55. Rxb4 Nd4 56. Rb6 Kg6 57. Kg1 Ne6 58. Kf2 Kxf6 59. Rc6 Kg6 60. Ra6 Re5 61. g3 hxg3+ 62. Kxg3 Re3+ 63. Kf2 Rb3 64. Rc6 Kf6 65. Rd6 Ke5 66. Ra6 Rb4 67. Kg3 Rb3+ 68. Kf2 Rc3 69. Ra7 f6 70. Ra5+ Rc5 71. Ra4 Nd4 72. Ra8 Kf4 73. Ra4 Rd5 74. Rc4 Kxg4 75. Ke3 Kf5 76. Rc1 Ne6 77.
Rf1+ Kg6 78. Kf3 Rf5+ 79. Kg2 Rxf1 80. Kh3 Rf5 81. Kg4 Re5 82. Kg3 Kf5 83. Kf2 Kf4 84. Kg2 g4 85. Kg1 Kf3 86. Kh2 g3+ 0-1

[Event "*** Titled Tuesday Blitz"]
[Site "Chess.com"]
[Date "2019.12.03"]
[Round "5"]
[White "DanielNaroditsky"]
[Black "crazy_machine"]
[Result "1-0"]
[WhiteElo "2992"]
[BlackElo "2652"]
[TimeControl "180+2"]
[EndTime "14:08:51 PST"]
[Termination "DanielNaroditsky won by resignation"]

1. d4 Nf6 2. Nc3 d6 3. e4 g6 4. Be2 Bg7 5. Nf3 c6 6. a4 O-O 7. O-O Bg4 8. Be3 Nbd7 9. Qd2 Qc7 10. h3 Bxf3 11. Bxf3 e5 12. Rad1 Rfe8 13. Rfe1 Nf8 14. dxe5 dxe5 15. Be2 Ne6 16. Bc4 Rad8 17. Qc1 Nd4 18.
Bg5 a6 19. Nb1 b5 20. Ba2 Qa5 21. c3 Ne6 22. Rxd8 Qxd8 23. Bh4 Qa5 24. b4 Qb6 25. a5 Qa7 26. Bxe6 Rxe6 27. Nd2 Bh6 28. Qc2 c5 29. Nb3 cxb4 30. cxb4 Bf8 31. Qc8 Re8 32. Qc3 Nh5 33. Rd1 Nf4 34. Rd2 Qb7 35. f3 Rc8 36.
Qxe5 Ne6 37. Qd5 Qa7+ 38. Bf2 Qc7 39. Nc5 Nxc5 40. bxc5 Bxc5 41. Bxc5 Qxc5+ 42. Qxc5 Rxc5 43. Rd6 b4 44. Rxa6 b3 45. Rb6 Rxa5 46. Rxb3 Kg7 47. h4 Rc5 48. Kh2 Ra5 49. Kg3 Rc5 50. Ra3 Kf6 51.
Ra7 Kg7 52. Kf4 h6 53. e5 Rc4+ 54. Kg3 Kg8 55. Ra8+ Kg7 56. Ra7 Kg8 57. Ra6 Kg7 58.
Rf6 Rc5 59. f4 Rc3+ 60. Kh2 Re3 61. h5 gxh5 62. g3 Re2+ 63. Kh3 Re1 64. Ra6 Rh1+ 65. Kg2 Re1 66. Ra7 Kg6 67. Ra6+ Kg7 68. Kf3 Rh1 69. Ra7 Kg6 70. Ra6+ Kg7 71. Rf6 h4 72. Kg2 Rb1 73. gxh4 Rb3 74. Ra6 Re3 75. Kf2 Rh3 76. Ra1 Rb3 77.
Rg1+ Kf8 78. Rg3 Rb4 79. Kf3 Ke7 80. Rg7 h5 81. Rg5 Rb3+ 82. Ke4 Rb4+ 83. Kf5 Rb1 84. Rxh5 Rg1 85. Rh7 Rh1 86. e6 1-0

[Event "*** Titled Tuesday Blitz"]
[Site "Chess.com"]
[Date "2019.12.03"]
[Round "5"]
[White "SanchezKelvin"]
[Black "Orest_Vovk"]
[Result "0-1"]
[WhiteElo "2424"]
[BlackElo "2325"]
[TimeControl "180+2"]
[EndTime "14:08:54 PST"]
[Termination "Orest_Vovk won on time"]

1. d4 Nf6 2. c4 e6 3. Nf3 Bb4+ 4.
Nbd2 Ne4 5. e3 b6 6. a3 Bxd2+ 7. Bxd2 Nxd2 8. Qxd2 Bb7 9. Be2 O-O 10. Qc2 f5 11.
O-O-O d6 12. Rhg1 Be4 13. Bd3 Bxd3 14. Qxd3 Nd7 15. e4 fxe4 16. Qxe4 Qf6 17. Qc6 Qe7 18. Rge1 h6 19. Kb1 Nf6 20. d5 e5 21. Nd4 Qd7 22. Qxd7 Nxd7 23. Nf3 a5 24. b3 Nc5 25.
Kc2 Rf4 26. Rd2 Raf8 27. Rde2 e4 28. Nd2 Rxf2 29. Kc3 Rxe2 30. Rxe2 e3 31. Nf3 Re8 32. b4 axb4+ 33. axb4 Ne4+ 34. Kd4 Nd2 35. Nxd2 exd2 36. Rxd2 Re1 37. Ra2 Rd1+ 38. Ke3 Re1+ 39. Kd2 Re7 40. Ra7 Kf7 41. Kd3 Ke8 42. Ra8+ Kd7 43. Rg8 Rf7 44. Ke2 g5 45. Rg6 Rf4 46. Kd3 Rf2 47. Rxh6 Rxg2 48. Rh7+ Kc8 49. c5 bxc5 50. bxc5 dxc5 51. Kc4 Rc2+ 52. Kb5 Rb2+ 53. Kc6 Rb6+ 54.
Kxc5 Rg6 55. Rh8+ Kb7 56. Rh7 g4 57. Rf7 Rh6 58. Rg7 Rxh2 59. Rxg4 Rc2+ 60. Kd4 Kb6 61.
Rg6+ Kb5 62. Kd3 Rc1 63. Kd4 Rd1+ 64. Ke5 Re1+ 65. Kd4 Rd1+ 66. Ke5 Rc1 67. Kd4 Rc4+ 68. Kd3 Kb4 69. d6 c5 70. Re6 Rd4+ 71. Ke3 Kc3 72. Rh6 c4 73. Ke2 Rd3 74. Re6 Kc2 75. Ke1 c3 76.
Ke2 Rd2+ 77. Ke3 Kc1 78. Ke4 c2 79. Kf5 Kb2 0-1

[Event "*** Titled Tuesday Blitz"]
[Site "Chess.com"]
[Date "2019.12.03"]
[Round "5"]
[White "kesarev"]
[Black "beccrajoy"]
[Result "1-0"]
[WhiteElo "2496"]
[BlackElo "1806"]
[TimeControl "180+2"]
[EndTime "14:09:09 PST"]
[Termination "kesarev won by resignation"]

1. Nf3 Nf6 2. c4 c6 3. b3 d5 4. Bb2 e6 5. e3 Nbd7 6. Qc2 Be7 7. Be2 O-O 8. O-O b6 9. d3 Bb7 10. Nbd2 Rc8 11. Rac1 c5 12. Qb1 Re8 13. Qa1 Bd6 14. Rfd1 e5 15. cxd5 Nxd5 16. a3 Bb8 17. Bf1 Qf6 18.
d4 cxd4 19. exd4 e4 20. Ne5 Rxc1 21. Rxc1 Nxe5 22. dxe5 Qg5 23. Nxe4 Qf4 24. Nd6 Bxd6 25. exd6 Qxd6 26. Re1 Rc8 27. Qd1 Qc6 28. Qd4 f6 29.
f3 Qc5 30. Qxc5 Rxc5 31. Bd3 Nf4 32. Bc4+ Bd5 33. Bd4 Rc8 34. Bxd5+ Nxd5 35. Kf2 Rc2+ 36. Re2 Rxe2+ 37. Kxe2 Kf7 38. Kd2 Ke6 39. a4 a6 40. g3 b5 41. axb5 axb5 42. Kd3 f5 43. Bxg7 h5 44. Kd4 Nc7 45. Kc5 Nd5 46. Kxb5 Ne3 47. Kc5 Nf1 48. b4 Nxh2 49. b5 Nxf3 50. b6 Kd7 51. Bh6 Kc8 52. Kc6 Ne5+ 53. Kd5 Nd7 54.
Ke6 Nxb6 55. Kxf5 Nd7 56. Kg6 Kd8 57. Kxh5 Ke7 58. Kg6 Ke6 59. Bg7 Kd5 60. g4 Ke4 61. g5 Nc5 62. Kf7 Kf5 63. g6 Ne6 64. Bc3 Ng5+ 65.
Kg7 Ne6+ 66. Kh6 Ke4 67. Bb2 Kd5 68. Kh7 Kd6 69. Kg8 Ke7 70. Be5 Ke8 71. Bf6 Kd7 72.
Kf7 Kd6 73. Bh4 Kd5 74. Be7 Ke5 75. Bh4 Kd5 76. Bg3 Ng5+ 77. Kf6 Ne6 78. Ke7 Ng7 79. Kf6 Ne6 80. Bh2 Nd4 81. g7 1-0

[Event "*** Titled Tuesday Blitz"]
[Site "Chess.com"]
[Date "2019.12.03"]
[Round "5"]
[White "kuli4ik"]
[Black "wnstop"]
[Result "1-0"]
[WhiteElo "2827"]
[BlackElo "2678"]
[TimeControl "180+2"]
[EndTime "14:09:18 PST"]
[Termination "kuli4ik won by resignation"]

1. Nf3 Nf6 2. g3 g6 3. b3 Bg7 4. Bb2 c5 5. c4 d6 6. Bg2 e5 7.
O-O O-O 8. e3 Nc6 9. d4 e4 10.
Nfd2 Bf5 11. d5 Nb4 12. Nc3 Re8 13. Rb1 Bg4 14. Qc1 Nd3 15. Qc2 Nxb2 16. Rxb2 Bf5 17. a3 Qd7 18. b4 Rac8 19. Rfb1 b6 20. Qa4 Qe7 21. bxc5 Rxc5 22. Nb3 Bd7 23. Qxa7 Rxc4 24. Ne2 Nxd5 25. Nbd4 Bg4 26. Qxe7 Rxe7 27. Bf1 Ra4 28. Rb5 Be6 29. Nxe6 fxe6 30. R5b3 Rea7 31. Bh3 Kf7 32.
Nf4 Nxf4 33. gxf4 Rxa3 34. Rxb6 Ra1 35. Rxa1 Rxa1+ 36. Kg2 Bf8 37. Rb4 Ra6 38. Rxe4 d5 39. Rd4 Bc5 40. Rd2 Kf6 41. Rc2 Be7 42. Bg4 h5 43.
Be2 Rb6 44. Ra2 Bd6 45. h3 d4 46. Kf3 dxe3 47. fxe3 e5 48. fxe5+ Bxe5 49. Ra7 Rc6 50. Bd3 Bd6 51. Ra8 Bc5 52. Be4 Rb6 53. Rc8 Bd6 54. Rg8 Bc5 55. Rxg6+ Kf7 56. Rg5 Rf6+ 57. Ke2 Bb6 58. Rxh5 Kg7 59. Rh7+ Kg8 60. Rb7 Rh6 61. Bf5 Kf8 62. e4 Bd4 63. Kd3 Be5 64. Kc4 Rd6 65.
Kc5 Rd2 66. Rb5 Bf4 67. Rb7 Be5 68. Bg4 Bf4 69. h4 Bd6+ 70. Kc6 Bg3 71. h5 Rd6+ 72.
Kc5 Rh6 73. Kd4 Rd6+ 74. Ke3 Rh6 75. Rb5 Ke7 76. e5 Ra6 77. Ke4 Ra7 78. Kf5 Kf7 79.
h6 Kg8 80. e6 Kh7 81. Kg5 Be1 82. Bf5+ 1-0

[Event "*** Titled Tuesday Blitz"]
[Site "Chess.com"]
[Date "2019.12.03"]
[Round "5"]
[White "albano87"]
[Black "kacprekt"]
[Result "0-1"]
[WhiteElo "2084"]
[BlackElo "2336"]
[TimeControl "180+2"]
[EndTime "14:09:25 PST"]
[Termination "kacprekt won by resignation"]

1. d4 Nf6 2. Nf3 g6 3. g3 Bg7 4. Bg2 O-O 5. O-O d5 6. c4 c5 7. dxc5 dxc4 8. Qa4 Qd5 9. Be3 Na6 10. Nc3 Qh5 11.
Qxc4 Be6 12. Qh4 Rac8 13. Qxh5 Nxh5 14. Ng5 Bxc3 15. bxc3 Nxc5 16. Nxe6 fxe6 17. Bxc5 Rxc5 18. Bxb7 Rxc3 19. Bf3 Nf6 20. Rfc1 Rfc8 21. Rxc3 Rxc3 22. a4 Kf7 23. a5 e5 24. Bb7 Rc2 25. Kf1 Nd7 26. Rd1 Nc5 27. Bf3 e4 28. Bg4 h5 29.
Bc8 Nb3 30. Bb7 Nxa5 31. Bxe4 Rc7 32. Rd5 Nb7 33. Rg5 Nc5 34. Bxg6+ Kf6 35. h4 Ne6 36.
Rxh5 Kxg6 37. Re5 Kf6 38. f4 Rc5 39. Re4 a5 40. Kf2 Rb5 41. g4 Rb4 42. g5+ Kf7 43.
Re5 Rxf4+ 44. Kg3 Ra4 45. e3 Nf8 46. h5 e6 47. Rb5 Ke7 48. Rb7+ Kd6 49. g6 Ra1 50.
Kf2 Ra2+ 51. Kf3 Nxg6 52. hxg6 Ra1 53. Kg4 Rg1+ 54. Kh5 a4 55. Ra7 Rh1+ 56. Kg5 Rg1+ 57. Kf6 Rf1+ 58. Kg7 Re1 59. Ra6+ Ke5 60. Rxa4 Rxe3 61.
Kh6 Rg3 62. g7 Kf6 63. Rf4+ Ke7 64. Rf8 Rh3+ 65. Kg6 Rg3+ 66. Kh5 Rxg7 67. Ra8 Kd6 68. Ra6+ Ke5 69. Ra5+ Kf4 70. Ra4+ Kf5 71. Ra8 e5 72. Rf8+ Ke4 73. Kh4 Ke3 74. Kh3 e4 75. Rd8 Ke2 76. Re8 e3 77. Rd8 Ke1 78. Kh2 e2 79.
Kh1 Rg5 80. Rd6 Kf2 81. Rf6+ Ke3 82. Re6+ Kf3 83. Kh2 Rg4 84. Rf6+ Rf4 85. Re6 Re4 86. Rf6+ Ke3 87. Rf1 exf1=Q 0-1

[Event "*** Titled Tuesday Blitz"]
[Site "Chess.com"]
[Date "2019.12.03"]
[Round "5"]
[White "Sergey85Rodchenkov"]
[Black "scrapnel"]
[Result "1/2-1/2"]
[WhiteElo "2461"]
[BlackElo "2696"]
[TimeControl "180+2"]
[EndTime "14:09:38 PST"]
[Termination "Game drawn by agreement"]

1. e4 c6 2. d4 d5 3. exd5 cxd5 4.
Bd3 Nc6 5. c3 Nf6 6. h3 g6 7.
Qc2 Bg7 8. Nf3 O-O 9. O-O Bd7 10. Re1 Rc8 11. Qe2 Bf5 12. Nbd2 Bxd3 13. Qxd3 e6 14. Nf1 Ne4 15. N3d2 Nd6 16. Nf3 b5 17. Ne3 b4 18. Ng4 bxc3 19. bxc3 Ne4 20. c4 Nb4 21. Qb3 Rxc4 22. Nge5 Nc2 23. Nxc4 Nxe1 24. Nce5 Nxf3+ 25. gxf3 Nd6 26. Qb4 Nf5 27. Ba3 Re8 28. Qa4 Nxd4 29.
Qxd4 Qg5+ 30. Kf1 Bxe5 31. Qa4 Rb8 32. Re1 Qh5 33. Kg2 Qg5+ 34. Kf1 Qf4 35. Qxa7 Bd4 36.
Bc1 Bxa7 37. Bxf4 Rb2 38. Re2 Rb1+ 39. Kg2 Rb4 40. Bd6 Ra4 41. Rb2 Kg7 42. a3 Bd4 43. Rb7 Bf6 44. Rb8 h5 45. Bf8+ Kh7 46. Bb4 g5 47.
Rb7 Kg6 48. Rb8 Bb2 49. Rg8+ Kf5 50. Rf8 f6 51. Rh8 Bxa3 52. Bxa3 Rxa3 53. Rxh5 Kf4 54.
Rh6 Kf5 55. Rh8 d4 56. Rd8 e5 57. Rd6 Ra1 58. Kg3 Rg1+ 59. Kh2 Re1 60. Kg2 Rd1 61. Kg3 d3 62. Kg2 Kg6 63. Rd7 Kh6 64. Rd6 Kg6 65.
Rd7 d2 66. Rd6 Kf7 67. Rd8 Ke7 68. Rd3 Ke6 69. Rd8 Kf5 70. Rd5 Kf4 71. Rd8 f5 72. Rd7 e4 73. fxe4 Kxe4 74. Rd8 f4 75. Re8+ Kd3 76.
Rd8+ Ke4 77. Re8+ Kf5 78. Rf8+ Kg6 79. Rg8+ Kf7 80. Rd8 Ke7 81. Rd3 Ke6 82. Rd8 Ke5 83. Re8+ Kf5 84. Rf8+ Kg6 85. Rd8 Kh6 86. Rh8+ Kg7 87.
Rd8 Kg6 88. Rd6+ Kh5 89. Rd8 g4 90. hxg4+ Kxg4 91. f3+ Kf5 92. Rd5+ Ke6 93. Rd8 Ke5 94. Rd7 Ke6 95. Rd8 Ke7 96. Rd3 Kf6 97. Rd4 Kg5 98.
Rd5+ Kh4 99. Rd8 Kg5 100. Rd5+ Kf6 101. Rd3 Ke5 1/2-1/2

[Event "*** Titled Tuesday Blitz"]
[Site "Chess.com"]
[Date "2019.12.03"]
[Round "5"]
[White "Vuk2000"]
[Black "Man-Chuk"]
[Result "1/2-1/2"]
[WhiteElo "2768"]
[BlackElo "2924"]
[TimeControl "180+2"]
[EndTime "14:14:07 PST"]
[Termination "Game drawn - insufficient material"]

1. d4 Nf6 2. Bg5 e6 3. e4 h6 4. Bxf6 Qxf6 5. c3 Nc6 6. Bd3 e5 7. d5 Ne7 8. Ne2 Ng6 9. O-O a5 10. Nd2 Bc5 11. a3 Nf4 12. Nxf4 Qxf4 13. b3 d6 14. Bb5+ Kf8 15. Ra2 h5 16. Qf3 g5 17.
Qxf4 gxf4 18. Rfa1 Ke7 19. b4 Bb6 20. Be2 h4 21. h3 Rg8 22. Kf1 Bd7 23. Nf3 Rh8 24. c4 f5 25. Bd3 fxe4 26. Bxe4 Kf6 27. b5 a4 28. Re2 Bc5 29. Raa2 Rag8 30. Bc2 Rg7 31. Be4 Rhg8 32. Ng1 Bf5 33. Bxf5 Kxf5 34.
Nf3 Rh8 35. Nd2 b6 36. f3 Be3 37. Ne4 Rhg8 38. Rab2 Bc5 39. Ra2 Bd4 40. Re1 Rg6 41.
Rb1 R6g7 42. Rb4 Ra8 43. Re2 Be3 44. Nc3 Bc5 45. Rxa4 Rxa4 46. Nxa4 Bxa3 47. Nc3 Rg8 48. Ra2 Bc5 49. Ra7 Rc8 50. Ne4 Bd4 51. Ke2 Be3 52.
Ke1 Bd4 53. Kf1 Kg6 54. Nd2 Kf7 55. Nb3 Be3 56. Na1 Ke7 57. Nc2 Bc5 58. Ne1 Kd7 59. Nd3 Be3 60. Nb4 Bc5 61. Na2 Bd4 62. Nb4 Bc3 63. Nd3 Re8 64. Nf2 Bd4 65. Ne4 Rf8 66. Ng5 Rc8 67. Ne6 Be3 68. Ng7 Bc5 69. Nf5 Rh8 70.
Ke2 Bg1 71. Ng7 Bd4 72. Ne6 Rc8 73. Kd3 Bf2 74. Ke4 Bc5 75. Kf5 Bf2 76. Kg4 Bg3 77. Kg5 Bf2 78. Kf6 Bc5 79. Kf7 Be3 80. Nf8+ Kd8 81.
Nh7 Kd7 82. Nf6+ Kd8 83. Ke6 Bd4 84. Ne4 Be3 85. Ng5 Ke8 86. Nf7 Bc5 87. Nh6 Kf8 88. Nf5 Bd4 89. Kf6 Bc3 90. Kg6 Ke8 91. Nxh4 Kd7 92.
Kf7 Rh8 93. Nf5 Rh7+ 94. Kg6 Rh8 95. Nh6 Re8 96. Ng4 e4 97. fxe4 Rxe4 98. Ra2 Rxc4 99. Rc2 Rc5 100. h4 Bd4 101. Rd2 Bc3 102. Rd3 Bb2 103. h5 Rc2 104. Kf5 Rxg2 105. Kxf4 Rg1 106. h6 Bc1+ 107. Kf5 Rf1+ 108. Kg6 Rg1 109. Kf5 Rf1+ 110. Kg6 Ke7 111. h7 Bb2 112. Re3+ Kd7 113. Re2 Bd4 114. Re4 Bh8 115.
Nh6 Rg1+ 116. Rg4 Rf1 117. Kh5 Rh1+ 118. Kg5 Rf1 119. Rf4 Rg1+ 120. Ng4 Rh1 121. Rf7+ Ke8 122. Rxc7 Kf8 123. Kg6 Bd4 124. Nh6 Rg1+ 125. Kf5 Rh1 126. Ng4 Bg7 127. Kg6 Bd4 128. Rf7+ Ke8 129. Rb7 Kf8 130. Kf5 Bg7 131. Rxb6 Rxh7 132. Rxd6 Rh1 133. Rd7 Bd4 134. Ke4 Bc5 135. Rc7 Re1+ 136. Kf5 Rf1+ 137. Kg6 Bd4 138. d6 Ke8 139. Re7+ Kd8 140. Nh6 Rf6+ 141. Kg5 Rxd6 142. Nf5 Bf6+ 143. Kg6 Bxe7+ 144. Nxd6 Bxd6 145. Kf6 Kc7 146. Ke6 Kb6 147. Kxd6 Kxb5 1/2-1/2

[Event "*** Titled Tuesday Blitz"]
[Site "Chess.com"]
[Date "2019.12.03"]
[Round "6"]
[White "Frolik67"]
[Black "XDPS"]
[Result "0-1"]
[WhiteElo "2543"]
[BlackElo "2742"]
[TimeControl "180+2"]
[EndTime "14:17:20 PST"]
[Termination "XDPS won by resignation"]

1. e4 c5 2. Nf3 d6 3. Bb5+ Nd7 4. d4 cxd4 5. Qxd4 a6 6. Bxd7+ Qxd7 7. c4 e5 8. Qd3 Qc6 9. Nc3 Be6 10. b3 h6 11. a4 Nf6 12. O-O Be7 13. Rd1 O-O 14.
Ba3 Rfe8 15. Nd2 Nd7 16. Bxd6 Qxd6 17. Qg3 Qb4 18. Nf1 Qxb3 19. Rab1 Qxc4 20. Rxb7 Nf6 21. Nd5 Nxe4 0-1

[Event "*** Titled Tuesday Blitz"]
[Site "Chess.com"]
[Date "2019.12.03"]
[Round "6"]
[White "Gennady_Kozlov"]
[Black "Korchmar_Vasiliy"]
[Result "0-1"]
[WhiteElo "2550"]
[BlackElo "2750"]
[TimeControl "180+2"]
[EndTime "14:17:54 PST"]
[Termination "Korchmar_Vasiliy won by resignation"]

1. b3 c5 2. Bb2 Nc6 3. e3 d6 4.
Be2 e5 5. f4 exf4 6. exf4 d5 7. Nf3 Nf6 8. O-O Bd6 9. Ne5 O-O 10. d4 Nxd4 11. Bxd4 cxd4 12. Qxd4 Ne4 13. Nd3 Bc7 14. Kh1 Bb6 15. Qb2 Qh4 16. Rf3 Bg4 17. h3 Bxf3 18. Bxf3 Ng3+ 19. Kh2 Nf1+ 20. Kh1 Qg3 0-1

[Event "*** Titled Tuesday Blitz"]
[Site "Chess.com"]
[Date "2019.12.03"]
[Round "6"]
[White "JoakimVonAnd"]
[Black "SirMittensofMittensville"]
[Result "0-1"]
[WhiteElo "2382"]
[BlackElo "2629"]
[TimeControl "180+2"]
[EndTime "14:18:15 PST"]
[Termination "SirMittensofMittensville won by resignation"]

1. d4 Nf6 2. c4 e6 3. Nc3 Bb4 4. e3 O-O 5. Bd3 d5 6. Nf3 c5 7.
cxd5 exd5 8. dxc5 Nbd7 9. O-O Nxc5 10. Ne2 Nce4 11. a3 Bd6 12. h3 Re8 13. b4 a5 14. b5 Bf5 15. Bb2 Bg6 16. Nf4 Rc8 17.
Rc1 Qe7 18. Rxc8 Rxc8 19. Bb1 Bxa3 20. Bxa3 Qxa3 21. Nxd5 Nxd5 22. Qxd5 Qe7 23. Qd4 Nc3 24. Bxg6 Ne2+ 25. Kh1 Nxd4 26. Bxh7+ Kxh7 27. Nxd4 Qa3 0-1

[Event "*** Titled Tuesday Blitz"]
[Site "Chess.com"]
[Date "2019.12.03"]
[Round "6"]
[White "Tiqr777"]
[Black "1977Ivan"]
[Result "0-1"]
[WhiteElo "2627"]
[BlackElo "2790"]
[TimeControl "180+2"]
[EndTime "14:18:17 PST"]
[Termination "1977Ivan won by resignation"]

1. c4 Nf6 2. Nc3 e5 3. g3 c6 4. Bg2 d5 5. cxd5 cxd5 6. d3 Nc6 7. Nf3 d4 8. Nb1 h6 9. O-O Bd6 10. a3 O-O 11. b4 Be6 12. Bb2 Rc8 13. Nbd2 b5 14. Rc1 a5 15. Ng5 hxg5 16. Bxc6 axb4 17. axb4 Qb6 18. Bg2 g4 19. Ne4 Nxe4 20. Bxe4 Bxb4 21.
Rxc8 Rxc8 22. Qb1 Bc3 23. Bc1 b4 24. f4 gxf3 25. Bxf3 b3 26. Bg2 b2 27. Bg5 Qa5 0-1

[Event "*** Titled Tuesday Blitz"]
[Site "Chess.com"]
[Date "2019.12.03"]
[Round "6"]
[White "FearNoEvil12"]
[Black "vladimirdamjanovic"]
[Result "0-1"]
[WhiteElo "2000"]
[BlackElo "2574"]
[TimeControl "180+2"]
[EndTime "14:18:19 PST"]
[Termination "vladimirdamjanovic won by resignation"]

1. e4 c5 2. Nc3 Nc6 3. f4 g6 4.
Nf3 Bg7 5. Bc4 e6 6. f5 gxf5 7. d3 Nge7 8. Bg5 h6 9. Bh4 Qa5 10. O-O Bxc3 11. bxc3 b5 12. Bb3 c4 13. dxc4 bxc4 14.
Bxc4 Qc5+ 15. Kh1 Qxc4 16. exf5 Nxf5 17. Bf6 Rg8 18. Rb1 Ne3 19. Qd6 Nxf1 20. Ne5 Qe2 0-1

[Event "*** Titled Tuesday Blitz"]
[Site "Chess.com"]
[Date "2019.12.03"]
[Round "6"]
[White "PNEPaul"]
[Black "goldenspine"]
[Result "0-1"]
[WhiteElo "1715"]
[BlackElo "2324"]
[TimeControl "180+2"]
[EndTime "14:18:30 PST"]
[Termination "goldenspine won by resignation"]

1. e4 c6 2. d4 d5 3. exd5 cxd5 4. c4 Nf6 5. Nc3 Nc6 6. Nf3 e6 7. Be2 dxc4 8. Bxc4 Bb4 9. O-O O-O 10.
a3 Be7 11. d5 exd5 12. Nxd5 Nxd5 13. Qxd5 Qc7 14. Be3 Be6 15. Qe4 Bxc4 16. Qxc4 Bf6 17. Bd4 Qf4 18. Rfd1 Rad8 19. Rac1 Nxd4 20. Nxd4 Rxd4 21.
Rxd4 Bxd4 0-1